 Dungeon Crawl Stone Soup version 0.29.0-4-gdea44cf6ec (webtiles) character file.

Game seed: 10465984515557589424

3844 qw the Grappler (level 9, -2/88 HPs)
             Began as a Troll Cinder Acolyte on Sept 1, 2022.
             Was a Believer of Ignis.
             Killed from afar by an electric eel (6 damage)
             ... with a bolt of electricity
             ... on level 8 of the Dungeon.
             The game lasted 00:04:20 (5975 turns).

qw the Grappler (Troll Cinder Acolyte)              Turns: 5975, Time: 00:04:21

Health: -2/88      AC: 15    Str: 28    XL:     9   Next: 98%
Magic:  9/9        EV:  9    Int: 10    God:    Ignis [**....]
Gold:   375        SH:  0    Dex:  5    Spells: 10/10 levels left

rFire   + . .      SeeInvis .     - Unarmed
rCold   . . .      Faith    .   (no shield)
rNeg    + + .      Spirit   .   b - +2 robe {rN+}
rPois   .          Reflect  .   (helmet restricted)
rElec   .          Harm     .   k - +1 cloak
rCorr   .          Rampage  .   (gloves unavailable)
Will    +....                   (boots unavailable)
Stlth   +.........              (no amulet)
HPRegen 1.04/turn               n - ring of positive energy
MPRegen 0.11/turn               g - ring of willpower

@: about to teleport, fiery-armoured
A: large, unfitting armour, claws 3, regeneration 1, shaggy fur 1, tough skin 1
a: Renounce Religion, Fiery Armour, Foxfire Swarm, Rising Flame


You were on level 8 of the Dungeon.
You worshipped Ignis.
Ignis was pleased with you.
You visited 1 branch of the dungeon, and saw 8 of its levels.
You also visited: Ossuary.

You collected 375 gold pieces.


Innate Abilities, Weirdness & Mutations

You are too large for most types of armour.
You have claws for hands.
Your natural rate of healing is unusually fast.
You are covered in fur. (AC +1)
You have tough skin. (AC +1)


   Skills:
 - Level 5.0 Fighting
 - Level 1.4 Throwing
 - Level 1.1 Armour
 - Level 1.8 Dodging
 + Level 13.1 Unarmed Combat
 - Level 1.0 Spellcasting
 - Level 2.1 Fire Magic


You had 10 spell levels left.
You didn't know any spells.
Your spell library contained the following spells:

 Spells                   Type           Power      Damage    Failure   Level
 Scorch                   Fire           8%         2d5       22%         2

Inventory:

Armour
 a - a +0 kite shield
 b - a +2 robe of positive energy (worn)
 k - a +1 cloak (worn)
Jewellery
 g - a ring of willpower (right claw)
 h - a ring of positive energy
 n - a ring of positive energy (left claw)
Scrolls
 j - 2 scrolls of teleportation
 l - 2 scrolls of identify
Potions
 c - a potion of haste
 d - a potion of resistance
 e - a potion of curing
 f - 2 potions of cancellation
 i - a potion of invisibility {unknown}
 m - 2 potions of heal wounds
 o - a potion of lignification {unknown}
 p - a potion of might {unknown}

Dungeon Overview and Level Annotations

Branches:
Dungeon (8/15)             Temple (0/1) D:7            Lair (0/5) D:8
Ossuary (visited)

Altars:
Cheibriados
Makhleb
Nemelex Xobeh
Sif Muna
Trog
Vehumet
Wu Jian
Xom

Portals:
Bailey: D:7


Message History

A troll comes into view.
The acid dragon bites you but does no damage.
The acid dragon is burned by your cloak of flames.
The acid dragon is lightly wounded.
The acid dragon claws you but does no damage.
You mangle the acid dragon!!
You kill the acid dragon!
The electric eel shoots out a bolt of lightning at you!
The bolt of electricity hits you.
The electric eel shoots out a bolt of lightning at you!
The bolt of electricity hits you!
Your Armour skill increases to level 1!
The electric eel shoots out a bolt of lightning at you!
The bolt of electricity hits you.
The electric eel shoots out a bolt of lightning at you!
The bolt of electricity hits you!
The wolf howls!
You see here an acid dragon corpse.
Found a staircase to the Lair.
You hear a shout!
The electric eel shoots out a bolt of lightning at you!
The bolt of electricity hits you. The bolt of electricity hits you!
The electric eel shoots out a bolt of lightning at you!
The bolt of electricity misses you. The bolt of electricity hits you!
An electric eel comes into view.
The electric eel shoots out a bolt of lightning at you!
The bolt of electricity hits you! x2
The electric eel shoots out a bolt of lightning at you!
The bolt of electricity misses you. The bolt of electricity hits you!
The bolt of electricity hits the electric eel.
The electric eel completely resists.
The electric eel shoots out a bolt of lightning at you!
The bolt of electricity hits the electric eel.
The electric eel completely resists.
The bolt of electricity hits you.
5975 ||| READING 3 scrolls of teleportation.
As you read the scroll of teleportation, it crumbles to dust.
You feel strangely unstable.
The electric eel shoots out a bolt of lightning at you!
The bolt of electricity hits you.
You die...

..~~.~S~~~~..#
>............##
......h~~~~~....
~~~~.hh~~~~~..#
~~~~h~ST~~~...#
~~~~~~~.S.....#
~~~~~~~..S.~..#
~~~~~..~@..~..#
~~~~..........#
######%###..##
#.# #.##
#%###.#####
#........>#
#########.# #.#
#.#


You could see a troll, 2 wolves, 2 hounds and 4 electric eels.

Vanquished Creatures
  Pikel (D:5)
  A hornet (D:8)
  Grinder (D:3)
  An acid dragon (D:8)
  A water moccasin (D:5)
  Duvessa (D:5)
  2 orc warriors (D:6)
  2 hornet zombies (D:6)
  A centaur (D:7)
  A lemure (D:5)
  2 phantoms (D:6)
  A kobold brigand (D:4)
  A necrophage (D:6)
  A gnoll sergeant (D:8)
  5 wights (D:7)
  4 scorpions
  A water moccasin zombie (D:6)
  Dowan (D:5)
  A water moccasin skeleton (D:6)
  A howler monkey (D:6)
  2 centaur zombies (D:6)
  A human zombie (Ossuary)
  5 orc priests
  2 jellies (D:5)
  3 bullfrog skeletons (D:6)
  6 hounds
  An iguana (D:5)
  Ijyb (D:4)
  8 orc wizards
  5 mummies (Ossuary)
  18 gnolls
  4 adders
  3 white imps (D:6)
  An ufetubus (D:6)
  2 worms (D:3)
  3 dart slugs
  20 orcs
  8 bats
  11 endoplasms
  3 giant cockroaches
  A gnoll zombie (Ossuary)
  3 goblins
  10 hobgoblins
  2 jackals (D:1)
  4 quokkas
  6 ball pythons
  10 frilled lizards
  2 goblin zombies (Ossuary)
  3 hobgoblin zombies (Ossuary)
  6 kobolds
  A kobold zombie (Ossuary)
  3 rats
188 creatures vanquished.

Vanquished Creatures (others)
  5 plants (D:4)
  7 withered plants (D:6)
12 creatures vanquished.

Grand Total: 200 creatures vanquished

Notes
Turn   | Place    | Note
-------+----------+-------------------------------------------
     0 | D:1      | qw the Troll Cinder Acolyte began the quest for the Orb.
     0 | D:1      | Reached XP level 1. HP: 22/22 MP: 1/1
     0 | D:1      | 0 ||| qw: Version: 0.1-a-97-g2dd2ca4
     0 | D:1      | 0 ||| qw: Game counter: 4737
     0 | D:1      | 0 ||| qw: Always use a shield: true
     0 | D:1      | 0 ||| qw: God list: Okawaru
     0 | D:1      | 0 ||| qw: Allow faded altars: false
     0 | D:1      | 0 ||| qw: Do Orc after D:15 true
     0 | D:1      | 0 ||| qw: Do second Lair branch before Depths: true
     0 | D:1      | 0 ||| qw: Lair rune preference: random
     0 | D:1      | 0 ||| qw: Plans: Normal
     0 | D:1      | 0 ||| PLANNING D:1-11
   170 | D:1      | Reached XP level 2. HP: 29/29 MP: 2/2
   293 | D:1      | 293 ||| Stepping ~*~*~tactically~*~*~ (stealth).
   294 | D:1      | 294 ||| Stepping ~*~*~tactically~*~*~ (stealth).
   420 | D:1      | Reached skill level 4 in Unarmed Combat
   430 | D:1      | 430 ||| Stepping ~*~*~tactically~*~*~ (stealth).
   483 | D:1      | 483 ||| Stepping ~*~*~tactically~*~*~ (stealth).
   503 | D:1      | Reached XP level 3. HP: 36/36 MP: 3/3
   633 | D:1      | 633 ||| Stepping ~*~*~tactically~*~*~ (stealth).
   826 | D:1      | 826 ||| READING scroll labelled YCWESU BICWAD.
   827 | D:1      | 827 ||| READING 2 scrolls labelled DOLIKKI TETOSK.
   828 | D:1      | 828 ||| READING scroll labelled FIOTIR LANEHEK.
   833 | D:1      | 833 ||| DRINKING 2 golden potions.
   834 | D:1      | 834 ||| DROPPING potion of brilliance.
   835 | D:1      | 835 ||| DROPPING scroll of immolation.
   923 | D:2      | Found a burning altar of Makhleb.
  1523 | D:2      | 1523 ||| DROPPING ring of magical power.
  1524 | D:2      | 1524 ||| UPGRADING to ring of positive energy.
  1537 | D:3      | 1537 ||| STAIRDANCE
  1542 | D:3      | 1542 ||| STAIRDANCE
  1589 | D:3      | 1589 ||| Stepping ~*~*~tactically~*~*~ (hiding).
  1592 | D:3      | Reached XP level 4. HP: 36/44 MP: 4/4
  1592 | D:3      | 1592 ||| Stepping ~*~*~tactically~*~*~ (hiding).
  1594 | D:3      | 1594 ||| INVOKING Fiery Armour.
  1599 | D:3      | Reached skill level 5 in Unarmed Combat
  1690 | D:3      | 1690 ||| Stepping ~*~*~tactically~*~*~ (stealth).
  1717 | D:3      | Noticed Grinder
  1722 | D:3      | Killed Grinder
  1723 | D:3      | Reached skill level 6 in Unarmed Combat
  1723 | D:3      | Reached XP level 5. HP: 45/50 MP: 5/5
  1723 | D:3      | Reached XP level 6. HP: 53/59 MP: 6/6
  1723 | D:3      | 1723 ||| FLEEEEING.
  1947 | D:3      | Reached skill level 7 in Unarmed Combat
  2032 | D:3      | 2032 ||| DROPPING orb of mayhem.
  2033 | D:3      | 2033 ||| READING scroll labelled XEECAFR NUGH.
  2034 | D:3      | 2034 ||| READING 2 scrolls labelled MALERU HUZANKY.
  2035 | D:3      | 2035 ||| READING scroll labelled ISUTIUROTI.
  2036 | D:3      | 2036 ||| READING scroll labelled SURACU TOLE.
  2067 | D:4      | 2067 ||| PLANNING OSSUARY
  2071 | D:4      | 2071 ||| STAIRDANCE
  2077 | D:4      | 2077 ||| STAIRDANCE
  2412 | D:4      | 2412 ||| Stepping ~*~*~tactically~*~*~ (stealth).
  2414 | D:4      | 2414 ||| Stepping ~*~*~tactically~*~*~ (hiding).
  2428 | D:4      | Noticed Ijyb
  2429 | D:4      | 2429 ||| Stepping ~*~*~tactically~*~*~ (hiding).
  2437 | D:4      | Paralysed by Ijyb for 3 turns
  2443 | D:4      | Killed Ijyb
  2493 | D:4      | Identified the +1 ring mail of the Lobster {rPois Str+4
                  | Stlth+}
  2497 | D:4      | 2497 ||| Stepping ~*~*~tactically~*~*~ (outnumbered).
  2498 | D:4      | 2498 ||| Stepping ~*~*~tactically~*~*~ (outnumbered).
  2499 | D:4      | 2499 ||| Stepping ~*~*~tactically~*~*~ (outnumbered).
  2500 | D:4      | 2500 ||| Stepping ~*~*~tactically~*~*~ (outnumbered).
  2501 | D:4      | 2501 ||| Stepping ~*~*~tactically~*~*~ (outnumbered).
  2502 | D:4      | 2502 ||| Stepping ~*~*~tactically~*~*~ (outnumbered).
  2503 | D:4      | 2503 ||| Stepping ~*~*~tactically~*~*~ (hiding).
  2505 | D:4      | 2505 ||| Stepping ~*~*~tactically~*~*~ (outnumbered).
  2506 | D:4      | 2506 ||| Stepping ~*~*~tactically~*~*~ (outnumbered).
  2540 | D:4      | 2540 ||| Stepping ~*~*~tactically~*~*~ (stealth).
  2546 | D:4      | 2546 ||| Stepping ~*~*~tactically~*~*~ (outnumbered).
  2553 | D:4      | 2553 ||| Stepping ~*~*~tactically~*~*~ (stealth).
  2564 | D:4      | 2564 ||| Stepping ~*~*~tactically~*~*~ (outnumbered).
  2565 | D:4      | 2565 ||| Stepping ~*~*~tactically~*~*~ (outnumbered).
  2566 | D:4      | 2566 ||| Stepping ~*~*~tactically~*~*~ (outnumbered).
  2567 | D:4      | 2567 ||| Stepping ~*~*~tactically~*~*~ (outnumbered).
  2573 | D:4      | Reached skill level 8 in Unarmed Combat
  2573 | D:4      | Reached XP level 7. HP: 62/66 MP: 7/7
  2626 | D:4      | Found a sand-covered staircase.
  2627 | D:4      | 2627 ||| READING 3 scrolls labelled XOMYCV MICLI.
  2628 | D:4      | 2628 ||| READING scroll labelled FIOSA XEDIAGI.
  2629 | D:4      | 2629 ||| DRINKING 3 lumpy grey potions.
  2630 | D:4      | 2630 ||| DRINKING 2 fuming orange potions.
  2631 | D:4      | 2631 ||| READING 2 scrolls of identify.
  2631 | D:4      | 2631 ||| IDENTIFYING glowing purple potion
  2632 | D:4      | 2632 ||| DROPPING potion of flight.
  2633 | D:4      | 2633 ||| DROPPING potion of attraction.
  2634 | D:4      | 2634 ||| DROPPING 2 scrolls of magic mapping.
  2643 | Ossuary  | Entered an ossuary
  2678 | Ossuary  | 2678 ||| INVOKING Fiery Armour.
  2715 | Ossuary  | 2715 ||| Stepping ~*~*~tactically~*~*~ (stealth).
  2733 | Ossuary  | Reached skill level 3 in Fighting
  2954 | Ossuary  | 2954 ||| READING scroll labelled ZEOLOU YTUREV.
  3055 | Ossuary  | 3055 ||| READING 2 scrolls labelled FYSOXO UTRA.
  3056 | Ossuary  | 3056 ||| READING scroll labelled GEX TIGHUULIUR.
  3057 | Ossuary  | 3057 ||| DRINKING 2 murky ruby potions.
  3158 | Ossuary  | 3158 ||| DRINKING 2 inky potions.
  3159 | Ossuary  | 3159 ||| DRINKING 3 murky clear potions.
  3160 | Ossuary  | 3160 ||| DROPPING potion of ambrosia.
  3161 | Ossuary  | 3161 ||| DROPPING potion of degeneration.
  3162 | Ossuary  | 3162 ||| DROPPING scroll of summoning.
  3177 | D:4      | 3177 ||| PLANNING D:1-11
  3269 | D:5      | Entered Level 5 of the Dungeon
  3558 | D:5      | Reached skill level 9 in Unarmed Combat
  3590 | D:5      | 3590 ||| INVOKING Fiery Armour.
  3592 | D:5      | Reached skill level 1 in Dodging
  3684 | D:5      | Noticed Pikel
  3691 | D:5      | Killed Pikel
  3692 | D:5      | Reached skill level 10 in Unarmed Combat
  3692 | D:5      | Reached XP level 8. HP: 74/75 MP: 8/8
  3728 | D:5      | Noticed Dowan
  3728 | D:5      | Noticed Duvessa
  3729 | D:5      | 3729 ||| Stepping ~*~*~tactically~*~*~ (hiding).
  3732 | D:5      | 3732 ||| INVOKING Fiery Armour.
  3737 | D:5      | 3737 ||| Stepping ~*~*~tactically~*~*~ (outnumbered).
  3738 | D:5      | 3738 ||| Stepping ~*~*~tactically~*~*~ (outnumbered).
  3739 | D:5      | 3739 ||| Stepping ~*~*~tactically~*~*~ (outnumbered).
  3740 | D:5      | 3740 ||| Stepping ~*~*~tactically~*~*~ (outnumbered).
  3741 | D:5      | 3741 ||| Stepping ~*~*~tactically~*~*~ (outnumbered).
  3743 | D:5      | Killed Duvessa
  3754 | D:5      | Killed Dowan
  4046 | D:5      | 4046 ||| Stepping ~*~*~tactically~*~*~ (stealth).
  4054 | D:5      | Found a sparkling altar of Nemelex Xobeh.
  4055 | D:5      | 4055 ||| INVOKING Fiery Armour.
  4056 | D:5      | 4056 ||| Stepping ~*~*~tactically~*~*~ (outnumbered).
  4062 | D:5      | 4062 ||| Stepping ~*~*~tactically~*~*~ (hiding).
  4063 | D:5      | 4063 ||| FLEEEEING.
  4064 | D:5      | 4064 ||| FLEEEEING.
  4065 | D:5      | 4065 ||| FLEEEEING.
  4066 | D:5      | 4066 ||| FLEEEEING.
  4067 | D:5      | 4067 ||| FLEEEEING.
  4068 | D:5      | 4068 ||| FLEEEEING.
  4069 | D:5      | 4069 ||| FLEEEEING.
  4070 | D:5      | 4070 ||| FLEEEEING.
  4072 | D:5      | 4072 ||| FLEEEEING.
  4083 | D:5      | 4083 ||| FLEEEEING.
  4084 | D:5      | 4084 ||| FLEEEEING.
  4085 | D:5      | 4085 ||| FLEEEEING.
  4086 | D:5      | 4086 ||| FLEEEEING.
  4087 | D:5      | 4087 ||| FLEEEEING.
  4112 | D:5      | Found a radiant altar of Vehumet.
  4254 | D:6      | 4254 ||| Stepping ~*~*~tactically~*~*~ (hiding).
  4274 | D:6      | 4274 ||| FLEEEEING.
  4275 | D:6      | 4275 ||| FLEEEEING.
  4276 | D:6      | 4276 ||| FLEEEEING.
  4278 | D:6      | 4278 ||| FLEEEEING.
  4279 | D:6      | 4279 ||| FLEEEEING.
  4280 | D:6      | 4280 ||| FLEEEEING.
  4281 | D:6      | 4281 ||| FLEEEEING.
  4294 | D:6      | 4294 ||| Stepping ~*~*~tactically~*~*~ (hiding).
  4306 | D:6      | Reached skill level 11 in Unarmed Combat
  4315 | D:6      | 4315 ||| Stepping ~*~*~tactically~*~*~ (hiding).
  4318 | D:6      | 4318 ||| INVOKING Fiery Armour.
  4323 | D:6      | 4323 ||| Stepping ~*~*~tactically~*~*~ (outnumbered).
  4331 | D:6      | Reached XP level 9. HP: 27/84 MP: 9/9
  4375 | D:6      | 4375 ||| FLEEEEING.
  4380 | D:6      | 4380 ||| Stepping ~*~*~tactically~*~*~ (stealth).
  4500 | D:6      | 4500 ||| Stepping ~*~*~tactically~*~*~ (stealth).
  4514 | D:6      | 4514 ||| Stepping ~*~*~tactically~*~*~ (hiding).
  4516 | D:6      | 4516 ||| Stepping ~*~*~tactically~*~*~ (outnumbered).
  4517 | D:6      | 4517 ||| Stepping ~*~*~tactically~*~*~ (outnumbered).
  4518 | D:6      | 4518 ||| Stepping ~*~*~tactically~*~*~ (outnumbered).
  4520 | D:6      | 4520 ||| Stepping ~*~*~tactically~*~*~ (outnumbered).
  4593 | D:6      | 4593 ||| Stepping ~*~*~tactically~*~*~ (stealth).
  4608 | D:6      | Reached skill level 1 in Throwing
  4670 | D:6      | 4670 ||| DRINKING potion of curing.
  4670 | D:6      | 4670 ||| (to cure confusion)
  4671 | D:6      | 4671 ||| Stepping ~*~*~tactically~*~*~ (hiding).
  4681 | D:6      | 4681 ||| Stepping ~*~*~tactically~*~*~ (outnumbered).
  4682 | D:6      | 4682 ||| Stepping ~*~*~tactically~*~*~ (outnumbered).
  4690 | D:6      | 4690 ||| Stepping ~*~*~tactically~*~*~ (outnumbered).
  4696 | D:6      | Reached skill level 12 in Unarmed Combat
  5115 | D:6      | 5115 ||| Stepping ~*~*~tactically~*~*~ (stealth).
  5220 | D:6      | 5220 ||| UPGRADING to ring of positive energy.
  5221 | D:6      | 5221 ||| READING scroll labelled NEEKOEVV YJUO.
  5222 | D:6      | 5222 ||| READING 2 scrolls of identify.
  5222 | D:6      | 5222 ||| IDENTIFYING green potion
  5223 | D:6      | 5223 ||| DROPPING potion of magic.
  5264 | D:7      | 5264 ||| INVOKING Fiery Armour.
  5305 | D:7      | 5305 ||| Stepping ~*~*~tactically~*~*~ (stealth).
  5306 | D:7      | 5306 ||| Stepping ~*~*~tactically~*~*~ (stealth).
  5309 | D:7      | 5309 ||| Stepping ~*~*~tactically~*~*~ (stealth).
  5311 | D:7      | 5311 ||| Stepping ~*~*~tactically~*~*~ (stealth).
  5313 | D:7      | 5313 ||| Stepping ~*~*~tactically~*~*~ (stealth).
  5353 | D:7      | Found a flagged portal.
  5354 | D:7      | 5354 ||| Stepping ~*~*~tactically~*~*~ (hiding).
  5355 | D:7      | 5355 ||| Stepping ~*~*~tactically~*~*~ (hiding).
  5393 | D:7      | Identified the +8 spear "Qifoem" {drain, rPois rC+ rN++
                  | rCorr Str-3}
  5434 | D:7      | 5434 ||| Stepping ~*~*~tactically~*~*~ (stealth).
  5436 | D:7      | 5436 ||| Stepping ~*~*~tactically~*~*~ (stealth).
  5438 | D:7      | 5438 ||| Stepping ~*~*~tactically~*~*~ (stealth).
  5443 | D:7      | 5443 ||| Stepping ~*~*~tactically~*~*~ (stealth).
  5537 | D:7      | 5537 ||| Stepping ~*~*~tactically~*~*~ (hiding).
  5540 | D:7      | 5540 ||| Stepping ~*~*~tactically~*~*~ (hiding).
  5541 | D:7      | 5541 ||| Stepping ~*~*~tactically~*~*~ (hiding).
  5542 | D:7      | 5542 ||| Stepping ~*~*~tactically~*~*~ (hiding).
  5543 | D:7      | 5543 ||| Stepping ~*~*~tactically~*~*~ (hiding).
  5544 | D:7      | 5544 ||| Stepping ~*~*~tactically~*~*~ (hiding).
  5576 | D:7      | Found a staircase to the Ecumenical Temple.
  5756 | D:7      | 5756 ||| UPGRADING to +2 robe of positive energy.
  5766 | D:7      | 5766 ||| DROPPING +0 robe.
  5767 | D:7      | 5767 ||| UPGRADING to +1 cloak.
  5772 | D:7      | 5772 ||| UPGRADING to ring of willpower.
  5774 | D:7      | 5774 ||| READING scroll labelled IMU TUOLAESI.
  5775 | D:7      | 5775 ||| DRINKING 2 brown potions.
  5776 | D:7      | 5776 ||| READING 2 scrolls of identify.
  5776 | D:7      | 5776 ||| IDENTIFYING white potion
  5794 | D:8      | 5794 ||| Stepping ~*~*~tactically~*~*~ (stealth).
  5829 | D:8      | Found a shimmering altar of Xom.
  5832 | D:8      | Found a bloodstained altar of Trog.
  5836 | D:8      | Found an ornate altar of the Wu Jian Council.
  5836 | D:8      | Found a shimmering blue altar of Sif Muna.
  5844 | D:8      | Found a snail-covered altar of Cheibriados.
  5855 | D:8      | 5855 ||| INVOKING Fiery Armour.
  5856 | D:8      | HP: 19/88 [hornet (12)]
  5856 | D:8      | Paralysed by a hornet for 2 turns
  5858 | D:8      | Reached skill level 13 in Unarmed Combat
  5861 | D:8      | HP: 18/88 [poisoned by a hornet]
  5955 | D:8      | 5955 ||| Stepping ~*~*~tactically~*~*~ (outnumbered).
  5969 | D:8      | 5969 ||| INVOKING Fiery Armour.
  5970 | D:8      | Noticed a troll
  5972 | D:8      | Reached skill level 1 in Armour
  5973 | D:8      | Found a staircase to the Lair.
  5974 | D:8      | HP: 22/88 [electric eel/bolt of electricity (7)]
  5974 | D:8      | HP: 8/88 [electric eel/bolt of electricity (7)]
  5974 | D:8      | HP: 3/88 [electric eel/bolt of electricity (5)]
  5975 | D:8      | 5975 ||| READING 3 scrolls of teleportation.
  5975 | D:8      | Killed from afar by an electric eel

Levels and vault maps discovered:
D:1:      wander_arrival_estate, layout_basic
D:2:      layout_loops_ring, basic_altar
D:3:      layout_rooms, uniq_grinder
D:4:      cheibrodos_old_hovel, layout_basic, enter_ossuary_1,
          lexackson_kobold_supper, uniq_ijyb
D:5:      layout_loops_ring, mainiacjoe_overflow_two_lobes, uniq_duvessa,
          uniq_pikel
D:6:      layout_basic, serial_undead, serial_undead_e, serial_undead_f,
          serial_undead_f, serial_undead_b, serial_undead_e, serial_undead_e
D:7:      layout_rooms, minmay_temple_entry_stoned_glass, enter_bailey_2,
          minmay_misc_feat_plants
D:8:      layout_loops_ring, nicolae_overflow_hallway_of_the_gods,
          erik_lair_island, minmay_misc_feat_nine_boxes, serial_park_tiny_pond,
          uniq_psyche

Skill      XL: |  1  2  3  4  5  6  7  8  9 |
---------------+----------------------------+-----
Unarmed Combat | 4 6 8 10 11 13 | 13.1
Fighting       | 3 4 5 |  5.0
Dodging        | 1 |  1.8
Throwing       | 1 |  1.4
Armour         | 1 |  1.1
Spellcasting   | |  1.0
Fire Magic     | |  2.1

Action                   |  1- 3 |  4- 6 |  7- 9 || total
-------------------------+-------+-------+-------++-------
Melee: Unarmed           |   121 |    98 |   280 ||   499
       Punch             |       |     3 |    10 ||    13
Throw: Boomerang         |       |       |    11 ||    11
Invok: Fiery Armour      |       |     1 |     8 ||     9
  Use: Scroll            |     3 |     4 |    11 ||    18
       Potion            |     1 |       |     7 ||     8
Armor: Robe              |    37 |    38 |    59 ||   134
Dodge: Dodged            |    42 |    22 |    87 ||   151

Table legend:
 A = Non-vault XP
 B = Vault XP
 C = Vault XP percentage of total XP
 D = Non-vault monster count
 E = Vault monster count
 F = Vault count percentage of total count
                 A         B        C        D         E       F
            +---------+---------+-------+---------+---------+-------
      Total |    3169 |    2323 |  42.3 |     148 |      39 |  20.9
            +---------+---------+-------+---------+---------+-------
        D:1 |      61 |       0 |   0.0 |      35 |       0 |   0.0
        D:2 |      21 |       0 |   0.0 |      12 |       0 |   0.0
        D:3 |     116 |     262 |  69.3 |      17 |       1 |   5.6
        D:4 |     113 |     226 |  66.7 |      20 |      10 |  33.3
        D:5 |     608 |     819 |  57.4 |      12 |       3 |  20.0
        D:6 |     880 |     825 |  48.4 |      26 |      11 |  29.7
        D:7 |     766 |       0 |   0.0 |      18 |       0 |   0.0
        D:8 |     604 |      43 |   6.6 |       8 |       1 |  11.1
    Ossuary |       0 |     148 | 100.0 |       0 |      13 | 100.0
            +---------+---------+-------+---------+---------+-------
